 Dungeon Crawl Stone Soup version 0.30-a0-553-g7fabdf1491 (webtiles) character file.

Game seed: 6192433806273036146

2576 drugrobin the Grappler (level 9, 0/60 (68) HPs)
             Began as a Demigod Delver on Dec 26, 2022.
             Slain by a wight
             ... wielding a +4 battleaxe of freezing
              (11 damage)
             ... on level 7 of the Dungeon.
             The game lasted 00:24:31 (6288 turns).

drugrobin the Grappler (Demigod Delver)             Turns: 6288, Time: 00:24:31

HP:   0/60 (68)     AC: 14    Str: 18    XL:     9   Next: 10%
MP:   11/11         EV: 10    Int: 12    God:
Gold: 122           SH:  0    Dex: 19    Spells: 6/8 levels left

rFire   . . .      SeeInvis .      - Unarmed
rCold   . . .      Faith    .    (no shield)
rNeg    . . .      Spirit   .    q - +1 scale mail of the Lonely Stories {Regen+ rCorr Str-3}
rPois   +          Reflect  .    (no helmet)
rElec   .          Harm     .    I - +0 cloak
rCorr   +          Rampage  .    s - +0 pair of gloves
Will    .....                    j - +0 pair of boots
Stlth   ++                       (no amulet)
HPRegen 1.10/turn                y - ring of poison resistance
MPRegen 0.12/turn                J - +4 ring of protection

@: heavily drained
A: high MP 1, forlorn, divine attributes
a: no special abilities


You were on level 7 of the Dungeon.
You visited 1 branch of the dungeon, and saw 7 of its levels.
You also visited: Sewer and Ossuary.

You collected 408 gold pieces.
You spent 286 gold pieces at shops.

Inventory:

Hand Weapons
 b - a +2 dagger of venom
 c - a +0 arbalest
 d - a +2 rapier of electrocution
 u - a +3 dagger
Missiles
 A - a throwing net (quivered)
 F - 8 poisoned darts
Armour
 j - a +0 pair of boots (worn)
 l - the +5 ring mail of Winter {Int+5}
   (You found it on level 4 of the Dungeon)

   Int:       It affects your intelligence (+5).
 q - the +1 scale mail of the Lonely Stories (worn) {Regen+ rCorr Str-3}
   (You found it on level 3 of the Dungeon)

   Str:       It affects your strength (-3).
   Regen:     It increases your rate of health regeneration.
   rCorr:     It protects you from acid and corrosion.
 s - a +0 pair of gloves (worn)
 I - a +0 cloak (worn)
Jewellery
 p - a +4 ring of evasion
 y - a ring of poison resistance (left hand)
 J - a +4 ring of protection (right hand)
Wands
 f - a wand of digging (2)
Scrolls
 a - 3 scrolls of noise {unknown}
 m - 2 scrolls of fog
 t - 9 scrolls of identify {unknown}
 v - 2 scrolls of vulnerability {unknown}
 z - 2 scrolls of butterflies
 B - 4 scrolls of magic mapping
 C - a scroll of enchant weapon {unknown}
 D - a scroll of acquirement {unknown}
 H - 2 scrolls of teleportation
Potions
 e - 2 potions of might {unknown}
 g - a potion of cancellation {unknown}
 h - a potion of resistance
 i - 4 potions of brilliance {unknown}
 k - 5 potions of curing {unknown}
 n - 2 potions of lignification {unknown}
 o - a potion of heal wounds {unknown}
 r - 2 potions of degeneration {unknown}
 w - 5 potions of mutation {unknown}
 E - 2 potions of magic
 G - 3 potions of flight {unknown}


   Skills:
 + Level 2.9 Fighting
 - Level 1.8 Dodging
 - Level 4.5 Stealth
 * Level 10.9 Unarmed Combat
 - Level 4.0 Translocations


You had 6 spell levels left.
You knew the following spells:

 Your Spells              Type           Power      Damage    Failure   Level
a - Blink                 Tloc           18%        N/A       32%         2

Your spell library contained the following spells:

 Spells                   Type           Power      Damage    Failure   Level
 Magic Dart               Conj           0%         1d3       75%         1
 Call Imp                 Summ           0%         N/A       86%         2
 Manifold Assault         Tloc           9%         N/A       91%         4
 Inner Flame              Hex/Fire       0%         N/A       98%         3
 Mephitic Cloud           Conj/Pois/Air  0%         N/A       98%         3
 Flame Wave               Conj/Fire      0%         2d4       100%        4
 Sticky Flame             Conj/Fire      0%         2d3       100%        4
 Storm Form               Tmut/Air       0%         N/A       100%        7


Dungeon Overview and Level Annotations

Branches:
Dungeon (7/15)             Temple (0/1) D:4           Sewer (visited)
Ossuary (visited)

Shops:
D:4 :   D:7 (*[

Annotations:
D:5 exclusion: two-headed ogre


Innate Abilities, Weirdness & Mutations

You have an increased reservoir of magic. (+10% MP)
You shall have no god before yourself.
Your divine heritage dramatically boosts your attributes as you level up.


Message History

The wight is heavily damaged.
The wight hits you with a +3 hand axe.
You barely miss the wight.
The wight is heavily damaged.
You hit the wight.
The wight is almost destroyed.
The wight hits you with a +3 hand axe.
You feel drained.
You hit the wight.
The wight is almost destroyed.
The wight hits you with a +3 hand axe.
You feel drained.
You hit the wight but do no damage.
The wight is almost destroyed.
The wight hits you with a +3 hand axe.
You hit the wight but do no damage.
The wight is almost destroyed.
The wight hits you with a +3 hand axe.
You feel drained.
You punch the wight!
You destroy the wight!
The wight hits you with a +4 battleaxe of freezing.
You feel drained. The wight freezes you.
Items here: )) [[.
You hit the wight.
The wight is lightly damaged.
The wight hits you with a +4 battleaxe of freezing!
You feel drained. The wight freezes you.
You hit the wight.
The wight is moderately damaged.
The wight hits you with a +4 battleaxe of freezing!
You feel drained. The wight freezes you.
* * * LOW HITPOINT WARNING * * *
You hit the wight but do no damage. You punch the wight, but do no damage.
The wight is moderately damaged.
The wight hits you with a +4 battleaxe of freezing!
* * * LOW HITPOINT WARNING * * *
The wight freezes you.
* * * LOW HITPOINT WARNING * * *
You closely miss the wight.
The wight is moderately damaged.
The wight hits you with a +4 battleaxe of freezing!
You die...

......,,,* #.##########,*
*,**,, #...####,***#.#
#..#,***,**** ',,,+,...,,,..#
#[.#,,,*,*
*,,,*###.#*####***###..###,*,*
,,,,,..)...,,,,,,,..#..#<#,*,*
,,,**###...###****#.#..#.#,*,*
# ,,,,,........###
#.#..#.#,*,* #
,,,,,g.....#...####.#..#.#,*,*
#
**,,,.....,###.z@......#.#,#,*
# *,,,.z..,,*
######......#.#,* #
*,,,...,,,* #.#..###.#,* #
*,,,..,,,,* #.#......#,####
*,,,.,,,,,* #)###..###.#...
*,,,,,,,,,* #..........##.#
*,,,,,,,,,* ######.######..
*********** #............#
#.###...>....#


You could see a wight.

Vanquished Creatures
  An ice beast (D:6)
  An orc warrior (D:7)
  A sky beast (D:6)
  A black bear (D:6)
  An ogre (D:6)
  2 centaurs
  2 phantoms
  A kobold brigand (D:6)
  An elf zombie (Ossuary)
  2 bullfrogs
  A gnoll sergeant (D:7)
  2 necrophages
  A scorpion (D:6)
  7 wights
  2 jellies (D:6)
  2 centaur zombies (Ossuary)
  4 hounds
  2 orc priests
  2 gnoll boudas
  2 iguanas
  2 orc wizards (D:6)
  3 mummies
  12 adders
  14 gnolls
  A shadow imp (D:5)
  6 white imps (D:6)
  An ufetubus (D:6)
  2 adder zombies (Ossuary)
  A worm (D:2)
  3 dart slugs
  17 orcs
  6 ball pythons
  9 endoplasms
  3 giant cockroaches
  7 goblins
  2 hobgoblins (D:4)
  14 jackals
  4 quokkas (D:5)
  5 bats
  4 frilled lizards
  A goblin zombie (Ossuary)
  12 hobgoblin zombies (Ossuary)
  A jackal zombie (Ossuary)
  6 kobolds
  12 kobold zombies (Ossuary)
  5 orc zombies (Ossuary)
  8 rats
  A rat zombie (Ossuary)
200 creatures vanquished.

Vanquished Creatures (others)
  A fungus (D:5)
1 creature vanquished.

Grand Total: 201 creatures vanquished

Notes
Turn   | Place    | Note
-------+----------+-------------------------------------------
     0 | D:5      | drugrobin the Demigod Delver began the quest for the Orb.
     0 | D:5      | Reached XP level 1. HP: 18/18 MP: 3/3
    39 | D:5      | Noticed a two-headed ogre
    85 | D:4      | Found a staircase to the Ecumenical Temple.
    87 | D:4      | Noticed an iguana
   103 | D:4      | Noticed an orc priest
   151 | D:5      | Reached skill level 2 in Unarmed Combat
   308 | D:5      | Found a glowing drain.
   320 | D:5      | Reached XP level 2. HP: 19/25 MP: 4/4
   338 | Sewer    | Entered a sewer
   400 | D:5      | Noticed a scorpion
   677 | D:4      | Reached skill level 3 in Unarmed Combat
   824 | D:4      | Reached XP level 3. HP: 16/30 MP: 5/5
   888 | D:4      | Identified the +5 ring mail of Winter {Int+5}
  1197 | D:3      | Identified the +1 scale mail of the Lonely Stories {Regen+
                  | rCorr Str-3}
  1322 | D:3      | Learned a level 2 spell: Blink
  1344 | D:3      | Reached skill level 4 in Unarmed Combat
  1353 | D:3      | Reached XP level 4. HP: 37/37 MP: 6/6
  1610 | D:4      | Reached skill level 1 in Translocations
  1649 | D:4      | Noticed a necrophage
  1672 | D:4      | Killed a necrophage
  1673 | D:4      | Reached XP level 5. HP: 38/42 MP: 7/7
  1689 | D:4      | Found Fyaca Ima's Book Boutique.
  1756 | D:4      | Reached skill level 5 in Unarmed Combat
  2742 | D:1      | Found Jann's Armour Boutique.
  3091 | D:1      | Reached XP level 6. HP: 50/50 MP: 8/8
  4019 | D:6      | Reached skill level 6 in Unarmed Combat
  4205 | D:6      | Reached XP level 7. HP: 47/56 MP: 9/9
  4396 | D:6      | Reached skill level 7 in Unarmed Combat
  4535 | D:6      | Reached skill level 8 in Unarmed Combat
  4590 | D:6      | Reached XP level 8. HP: 62/62 MP: 10/10
  5043 | D:6      | Reached skill level 9 in Unarmed Combat
  5267 | D:7      | Found Qioraskuli's Antique Armour Shoppe.
  5360 | D:7      | HP: 2/62 [orc warrior/+0 mace of holy wrath (9)]
  5416 | D:7      | Found a sand-covered staircase.
  5437 | D:7      | Reached skill level 10 in Unarmed Combat
  5449 | Ossuary  | Entered an ossuary
  5926 | D:7      | Found Afeu's Antique Weapon Emporium.
  5940 | D:7      | Found Xanameme's General Store.
  5954 | D:7      | Bought a potion of magic for 104 gold pieces
  5954 | D:7      | Bought a potion of resistance for 130 gold pieces
  5954 | D:7      | Bought a scroll of butterflies for 52 gold pieces
  6078 | D:7      | Reached XP level 9. HP: 64/68 MP: 11/11
  6288 | D:7      | Slain by a wight

Illustrated notes

Levels and vault maps discovered:
D:1:      lightli_iron_boxes, layout_basic, serial_shops, shop, minivault_26,
          chequers_hall_statues_y, minmay_misc_feat_doors
D:2:      layout_basic, chequers_ecumenical_altar_lobes
D:3:      layout_rooms
D:4:      layout_basic, minmay_temple_entry_tees, serial_shops, shop_statue
D:5:      layout_gridville, mainiacjoe_overflow_big_doors,
          ebering_ghost_reflecting_pool, gup_sewer_entry_pipe,
          minmay_manual_mandibuliform
D:6:      minmay_razor_zed, layout_loops_ring,
          nicolae_concentric_dashed_squares_mild
D:7:      layout_basic, grunt_temple_overflow_lords_of_destruction,
          mainiacjoe_overflow_alcove_1, serial_shops, shop,
          nicolae_shop_statue_plus, kennysheep_mini, nicolae_lakefront_shop,
          nicolae_diamond_shop, gup_ossuary_entry_pyramid,
          kennysheep_generic_room_14

Skill      XL: |  1  2  3  4  5  6  7  8 |
---------------+-------------------------+-----
Unarmed Combat | 2 3 4 5 6 8 10 | 10.9
Translocations | 1 2 3 4 |  4.0
Fighting       | |  2.9
Dodging        | |  1.8
Stealth        | |  4.5

Action                   |  1- 3 |  4- 6 |  7- 9 || total
-------------------------+-------+-------+-------++-------
Melee: Unarmed           |   193 |   203 |   373 ||   769
       Punch             |    10 |     5 |    22 ||    37
       Dagger            |       |    36 |    41 ||    77
       Rapier            |       |       |     6 ||     6
 Fire: Arbalest          |       |    13 |     2 ||    15
Throw: Stone             |     6 |       |     1 ||     7
       Boomerang         |       |     3 |    15 ||    18
       Dart              |       |       |     3 ||     3
Evoke: Wand              |     1 |       |       ||     1
  Use: Potion            |     2 |       |     1 ||     3
       Scroll            |     2 |       |     2 ||     4
 Stab: Sleeping          |     3 |     6 |     1 ||    10
       Invisible         |     1 |       |       ||     1
       Distracted        |       |       |     1 ||     1
Armor: Leather armour    |    20 |       |       ||    20
       Ring mail         |    21 |       |       ||    21
       Scale mail        |     1 |    81 |   135 ||   217
Dodge: Dodged            |   109 |   185 |   270 ||   564

Table legend: (Time is in decaauts)
 A = Elapsed time spent in this place.
 B = Non-inter-level travel time spent in this place.
 C = Inter-level travel time spent in this place.
 D = Time resting spent in this place.
 E = Time spent auto-exploring this place.
 F = Levels seen in this place.
 G = Mean time per level.
                   A        B        C        D        E       F      G
               +--------+--------+--------+--------+--------+-----+--------+
         Total |   6178 |   5881 |    297 |    207 |   3299 |   9 |  686.4 |
       Dungeon |   5844 |   5547 |    297 |    205 |   3204 |   7 |  834.9 |
         Sewer |     65 |     65 |      0 |      0 |     10 |   1 |   65.0 |
       Ossuary |    268 |    268 |      0 |      2 |     85 |   1 |  268.0 |
               +--------+--------+--------+--------+--------+-----+--------+

Top non-repeatable levels by time:
     D:6: 1378 daAuts
     D:4: 1210 daAuts
     D:2: 909 daAuts
     D:7: 659 daAuts
     D:1: 647 daAuts
     D:3: 552 daAuts
     D:5: 487 daAuts
 Ossuary: 268 daAuts
   Sewer: 65 daAuts
